 Dungeon Crawl Stone Soup version 0.30-b1-2-g02819fbbbe (webtiles) character file.

Game seed: 8194985107344107235

4587 Fartwhistle the Skirmisher (level 10, -1/118 HPs)
             Began as a Gnoll Hunter on Sept 17, 2023.
             Was an Initiate of the Shining One.
             Slain by an orc warrior
             ... wielding a +0 glaive
              (10 damage)
             ... on level 9 of the Dungeon.
             The game lasted 00:17:30 (7473 turns).

Fartwhistle the Skirmisher (Gnoll Hunter)           Turns: 7473, Time: 00:17:30

Health: -1/118     AC: 25    Str: 11    XL:     10   Next: 41%
Magic:  18/18      EV:  2    Int: 10    God:    the Shining One [......]
Gold:   532        SH:  0    Dex: 18    Spells: 19/19 levels left

rFire   . . .        H - +5 spear (freeze)
rCold   . . .        (no shield)
rNeg    . . .        m - melded +2 ring mail {Will+}
rPois   +            p - melded +0 helmet
rElec   .            (cloak currently unavailable)
rCorr   .            (gloves currently unavailable)
SInv    .            y - melded +0 pair of boots
Will    .....        (no amulet)
Stlth   ++           i - +5 ring of evasion
HPRegen 0.39/turn    k - +5 ring of evasion
MPRegen 0.16/turn

%: no passive effects
@: lethally poisoned (-1 -> -2), tree-form, glowing
A: stationary, stasis, torment immunity, boosted hp, (fangs 1), strong nose,
distributed training
a: Renounce Religion


You were on level 9 of the Dungeon.
You worshipped the Shining One.
The Shining One was noncommittal.
You were a tree.
You visited 2 branches of the dungeon, and saw 10 of its levels.
You also visited: Ossuary.

You collected 532 gold pieces.

Inventory:

Hand Weapons
 a - a +0 shortbow
 v - a +2 dagger of venom
 H - a +5 spear of freezing (weapon)
Missiles
 c - 4 poisoned darts
 n - a curare-tipped dart
 w - 5 javelins
 x - a throwing net
Armour
 m - a +2 ring mail of willpower (melded)
 p - a +0 helmet (melded)
 y - a +0 pair of boots (melded)
 F - the +0 robe of Elyvilon's Indignation {+Blink Str+5 SInv}
   (You found it on level 7 of the Dungeon)

   Str:       It affects your strength (+5).
   SInv:      It lets you see invisible.
   +Blink:    It lets you blink.
 I - a +1 leather armour of willpower
Jewellery
 i - a +5 ring of evasion (left branch)
 k - a +5 ring of evasion (right branch)
 s - a +6 ring of intelligence
 t - a +6 ring of intelligence
Wands
 e - a wand of polymorph (7)
 E - a wand of roots (5)
 K - a wand of acid (5)
Scrolls
 b - 5 scrolls of immolation
 f - 3 scrolls of magic mapping
 g - 3 scrolls of blinking
 l - a scroll of poison
 q - 2 scrolls of fear {unknown}
 B - a scroll of fog
 G - 2 scrolls of teleportation {unknown}
 J - a scroll of brand weapon {unknown}
Potions
 d - 4 potions of resistance
 h - 5 potions of haste
 j - 2 potions of brilliance
 o - a potion of flight {unknown}
 r - a potion of might {unknown}
 u - a potion of ambrosia
 z - 2 potions of lignification
 A - a potion of attraction
 C - a potion of magic {unknown}
 D - 4 potions of mutation


   Skills:
 + Level 7.2 Fighting
 + Level 5.4 Short Blades
 + Level 5.4 Long Blades
 + Level 5.4 Axes
 + Level 5.4 Maces & Flails
 + Level 5.4 Polearms
 + Level 5.4 Staves
 + Level 10.2 Ranged Weapons
 + Level 5.4 Throwing
 + Level 5.4 Armour
 + Level 7.2 Dodging
 + Level 6.0 Stealth
 + Level 5.4 Shields
 + Level 5.4 Unarmed Combat
 + Level 5.4 Spellcasting
 + Level 4.5 Conjurations
 + Level 4.5 Hexes
 + Level 4.5 Summonings
 + Level 4.5 Necromancy
 + Level 4.5 Translocations
 + Level 4.5 Transmutations
 + Level 4.5 Fire Magic
 + Level 4.5 Ice Magic
 + Level 4.5 Air Magic
 + Level 4.5 Earth Magic
 + Level 4.5 Poison Magic
 + Level 6.0 Invocations
 + Level 5.4 Evocations


You had 19 spell levels left.
You didn't know any spells.
Your spell library contained the following spells:

 Spells                   Type           Power      Damage    Failure   Level
 Magic Dart               Conj           44%        1d5       3%          1
 Sandblast                Erth           22%        2d7       3%          1
 Passwall                 Tmut/Erth      9%         N/A       5%          2
 Searing Ray              Conj           22%        2d5       5%          2
 Inner Flame              Hex/Fire       11%        N/A       11%         3
 Stone Arrow              Conj/Erth      22%        3d8       11%         3
 Animate Dead             Necr           11%        N/A       34%         4
 Fulminant Prism          Conj/Hex       5%         3d7       34%         4
 Borgnjor's Vile Clutch   Necr/Erth      5%         N/A       67%         5
 Yara's Violent Unravell  Hex/Tmut       5%         3d4       67%         5
 Death Channel            Necr           5%         N/A       99%         6
 Enfeeble                 Hex            5%         N/A       100%        7


Dungeon Overview and Level Annotations

Branches:
Dungeon (9/15)             Temple (1/1) D:7         Ossuary (visited)
   Lair: D:8-11         Orc: D:9-12

Altars:
Ashenzari
Cheibriados
Dithmenos
Elyvilon
Fedhas
Gozag
Hepliaklqana
Kikubaaqudgha
Makhleb
Nemelex Xobeh
Okawaru
Qazlal
Ru
Sif Muna
Trog
Uskayaw
Vehumet
Wu Jian
Xom
Yredelemnul
Zin
The Shining One

Shops:
D:5 =

Annotations:
D:5 3 runed translucent doors, SockSock's ghost, amateur OgFE
D:6 2 runed translucent doors, Crazy Yiuf; phunky83's ghost, novice GnHW


Innate Abilities, Weirdness & Mutations

You are a tree.
Your roots penetrate the ground, keeping you stationary.
You cannot be teleported.
You are immune to unholy pain and torment.
Your maximum health is greatly increased.
Your equipment is partially melded.
((You have very sharp teeth.))
Your uncanny sense of smell can sniff out nearby items.
Your experience applies equally to all skills.


Message History

You feel sick.
The killer bee stings you but does no damage.
The killer bee stings you.
* * * LOW HITPOINT WARNING * * *
The killer bee stings you.
* * * LOW HITPOINT WARNING * * *
The killer bee stings you but does no damage.
The killer bee completely misses you.
The killer bee stings you but does no damage.
You completely miss the killer bee.
The killer bee is severely wounded.
You feel sick.
The killer bee stings you but does no damage. x5
The killer bee stings you.
* * * LOW HITPOINT WARNING * * *
Unknown command.
You hit the killer bee. You freeze the killer bee.
You kill the killer bee!
The killer bee stings you but does no damage. x2
Unknown command.
You puncture the orc! You freeze the orc.
You kill the orc!
You feel sick. The killer bee stings you.
* * * LOW HITPOINT WARNING * * *
The killer bee stings you but does no damage. x2
Unknown command.
Okay, then.
Unknown command.
Okay, then.
Aiming: Corrosive Bolt
Press: ? - help, Shift-Dir - straight line, f - orc warrior
Aim: an orc warrior, wielding a +0 glaive and wearing a +0 plate armour (74% to hit)
The bolt of acid hits the killer bee!!
The acid corrodes the killer bee!
You kill the killer bee!
The bolt of acid hits the orc warrior!!
The orc warrior is almost dead.
You feel sick. The killer bee barely misses you.
The killer bee stings you but does no damage. x4
The orc warrior hits you from afar with a +0 glaive!
You die...

#.........
..........#
#.........#
'.........#
#.........#
#†.......#####
#o...........#
#yy..........#
#♣yo.........###+#
###...............
#...............
#...............
#######.........
###.......
#....... #.......
######.#


You could see an orc warrior, 3 killer bees and an orc.

Vanquished Creatures
  Pikel (D:7)
  A hornet (D:9)
  Sigmund (D:2)
  2 wyverns (D:8)
  A steam dragon (D:8)
  Edmund (D:4)
  A water moccasin (D:7)
  An ice beast (D:8)
  A black bear (D:5)
  2 ogres
  3 lemures (D:7)
  A phantom (D:4)
  2 centaurs (D:9)
  A kobold brigand (D:6)
  4 bullfrogs
  2 gnoll sergeants
  2 scorpions (D:6)
  7 wights
  15 killer bees
  7 howler monkeys
  A centaur zombie (Ossuary)
  2 hounds (D:5)
  2 jellies
  An orc priest (D:7)
  2 human zombies (Ossuary)
  A sleepcap (D:6)
  An iguana (D:6)
  7 orc wizards
  5 mummies (Ossuary)
  Robin (D:2)
  9 gnolls
  6 adders
  A shadow imp (D:5)
  A white imp (D:6)
  4 dart slugs
  8 orcs
  4 endoplasms
  A giant cockroach (D:2)
  12 goblins
  13 hobgoblins
  3 quokkas
  8 ball pythons
  4 bats
  3 frilled lizards
  2 goblin zombies
  2 hobgoblin zombies (Ossuary)
  6 kobolds
  2 kobold zombies (Ossuary)
  5 rats
  A rat zombie (D:5)
174 creatures vanquished.

Vanquished Creatures (collateral kills)
  2 gnolls (D:4)
2 creatures vanquished.

Vanquished Creatures (others)
  4 plants (D:5)
4 creatures vanquished.

Grand Total: 180 creatures vanquished

Notes
Turn   | Place    | Note
-------+----------+-------------------------------------------
     0 | D:1      | Fartwhistle the Gnoll Hunter began the quest for the Orb.
     0 | D:1      | Reached XP level 1. HP: 20/20 MP: 1/1
    68 | D:1      | Reached XP level 2. HP: 26/26 MP: 2/2
   380 | D:1      | Reached XP level 3. HP: 31/31 MP: 3/3
   751 | D:2      | Reached skill level 1 in Invocations
   901 | D:2      | Noticed Sigmund
   921 | D:2      | Killed Sigmund
   922 | D:2      | Reached skill level 1 in Short Blades
   922 | D:2      | Reached skill level 1 in Long Blades
   922 | D:2      | Reached skill level 1 in Axes
   922 | D:2      | Reached skill level 1 in Maces & Flails
   922 | D:2      | Reached skill level 1 in Polearms
   922 | D:2      | Reached skill level 1 in Staves
   922 | D:2      | Reached skill level 1 in Throwing
   922 | D:2      | Reached skill level 1 in Armour
   922 | D:2      | Reached skill level 1 in Shields
   922 | D:2      | Reached skill level 1 in Unarmed Combat
   922 | D:2      | Reached skill level 1 in Spellcasting
   922 | D:2      | Reached skill level 1 in Conjurations
   922 | D:2      | Reached skill level 1 in Hexes
   922 | D:2      | Reached skill level 1 in Summonings
   922 | D:2      | Reached skill level 1 in Necromancy
   922 | D:2      | Reached skill level 1 in Translocations
   922 | D:2      | Reached skill level 1 in Transmutations
   922 | D:2      | Reached skill level 1 in Fire Magic
   922 | D:2      | Reached skill level 1 in Ice Magic
   922 | D:2      | Reached skill level 1 in Air Magic
   922 | D:2      | Reached skill level 1 in Earth Magic
   922 | D:2      | Reached skill level 1 in Poison Magic
   922 | D:2      | Reached skill level 1 in Evocations
   922 | D:2      | Reached XP level 4. HP: 18/38 MP: 4/6
   922 | D:2      | Reached XP level 5. HP: 20/43 MP: 4/7
  1239 | D:2      | Noticed Robin
  1267 | D:2      | Killed Robin
  1280 | D:2      | Reached XP level 6. HP: 50/50 MP: 8/8
  1936 | D:3      | Reached skill level 5 in Fighting
  1936 | D:3      | Reached skill level 5 in Dodging
  2368 | D:4      | Noticed Edmund
  2441 | D:4      | Killed Edmund
  2499 | D:4      | Reached XP level 7. HP: 50/56 MP: 10/10
  3156 | D:5      | Entered Level 5 of the Dungeon
  3163 | D:5      | Reached skill level 9 in Ranged Weapons
  3208 | D:5      | Found a sand-covered staircase.
  3221 | Ossuary  | Entered an ossuary
  3290 | Ossuary  | Reached XP level 8. HP: 63/63 MP: 12/12
  3693 | D:5      | Found a sparkling altar of Nemelex Xobeh.
  3749 | D:5      | Found Tucewano's Jewellery Shop.
  4044 | D:5      | Found a runed translucent gate.
  4044 | D:5      | Found a runed translucent gate.
  4044 | D:5      | Found a runed translucent gate.
  4045 | D:5      | Noticed SockSock's ghost (amateur OgFE)
  4369 | D:6      | Found a runed translucent door.
  5327 | D:6      | Found a runed translucent door.
  5328 | D:6      | Noticed Crazy Yiuf
  5496 | D:6      | Reached XP level 9. HP: 69/69 MP: 14/14
  5666 | D:6      | Noticed phunky83's ghost (novice GnHW)
  5754 | D:7      | Identified the +0 robe of Elyvilon's Indignation {+Blink
                  | Str+5 SInv}
  5846 | D:7      | Noticed Pikel
  5909 | D:7      | Found a staircase to the Ecumenical Temple.
  6013 | D:7      | Killed Pikel
  6014 | D:7      | Reached skill level 5 in Stealth
  6014 | D:7      | Reached skill level 5 in Invocations
  6116 | Temple   | Entered the Ecumenical Temple
  6164 | Temple   | Became a worshipper of the Shining One
  6420 | D:7      | Found a stormy altar of Qazlal.
  6435 | D:7      | Found a bloodstained altar of Trog.
  6439 | D:7      | Found a radiant altar of Vehumet.
  6439 | D:7      | Found a shimmering altar of Xom.
  6439 | D:7      | Found a basalt altar of Yredelemnul.
  6442 | D:7      | Found a shadowy altar of Dithmenos.
  6609 | D:8      | Found an ornate altar of the Wu Jian Council.
  6639 | D:8      | Found a broken altar of Ashenzari.
  6788 | D:8      | Found a glowing silver altar of Zin.
  6788 | D:8      | Noticed an angel
  6867 | D:8      | Reached skill level 5 in Short Blades
  6867 | D:8      | Reached skill level 5 in Long Blades
  6867 | D:8      | Reached skill level 5 in Axes
  6867 | D:8      | Reached skill level 5 in Maces & Flails
  6867 | D:8      | Reached skill level 5 in Polearms
  6867 | D:8      | Reached skill level 5 in Staves
  6867 | D:8      | Reached skill level 5 in Throwing
  6867 | D:8      | Reached skill level 5 in Armour
  6867 | D:8      | Reached skill level 5 in Shields
  6867 | D:8      | Reached skill level 5 in Unarmed Combat
  6867 | D:8      | Reached skill level 5 in Spellcasting
  6867 | D:8      | Reached skill level 5 in Evocations
  6867 | D:8      | Reached XP level 10. HP: 77/77 MP: 17/17
  6892 | D:8      | Reached skill level 10 in Ranged Weapons
  7473 | D:9      | Slain by an orc warrior

Illustrated notes

Levels and vault maps discovered:
D:1:      co_arrival_random_square_maze, layout_basic
D:2:      layout_rooms, uniq_robin, uniq_sigmund
D:3:      layout_basic, wander_ebering_terrifying_dragon_lair
D:4:      layout_rooms, uniq_edmund
D:5:      layout_loops_ring, mainiacjoe_overflow_tiny_flanked, enter_ossuary_4,
          serial_shops, nicolae_shop_getting_attention,
          gammafunk_ghost_nasty_kobolds, hangedman_decor_slide_cut
D:6:      minmay_flawed_box, layout_loops_ring, ebering_ghost_sewer_d,
          uniq_crazy_yiuf_cottage
D:7:      layout_cave_pools, minitemple, temple_pool_b, uniq_pikel
D:8:      layout_basic, zin_angel, mainiacjoe_overflow_two_lobes
D:9:      layout_basic, hangedman_decor_riveting
Temple:   nicolae_temple_ecumenical_triangle

Skill      XL: |  1  2  3  4  5  6  7  8  9 10 |
---------------+-------------------------------+-----
Invocations    | 1 2 3 4 5 6 |  6.0
Short Blades   | 1 2 3 5 |  5.4
Long Blades    | 1 2 3 5 |  5.4
Axes           | 1 2 3 5 |  5.4
Maces & Flails | 1 2 3 5 |  5.4
Polearms       | 1 2 3 5 |  5.4
Staves         | 1 2 3 5 |  5.4
Throwing       | 1 2 3 5 |  5.4
Armour         | 1 2 3 5 |  5.4
Shields        | 1 2 3 5 |  5.4
Unarmed Combat | 1 2 3 5 |  5.4
Spellcasting   | 1 2 3 5 |  5.4
Conjurations   | 1 2 3 4 |  4.5
Hexes          | 1 2 3 4 |  4.5
Summonings     | 1 2 3 4 |  4.5
Necromancy     | 1 2 3 4 |  4.5
Translocations | 1 2 3 4 |  4.5
Transmutations | 1 2 3 4 |  4.5
Fire Magic     | 1 2 3 4 |  4.5
Ice Magic      | 1 2 3 4 |  4.5
Air Magic      | 1 2 3 4 |  4.5
Earth Magic    | 1 2 3 4 |  4.5
Poison Magic   | 1 2 3 4 |  4.5
Evocations     | 1 2 3 5 |  5.4
Stealth        | 3 4 5 6 |  6.0
Fighting       | 5 6 7 |  7.2
Dodging        | 5 6 7 |  7.2
Ranged Weapons | 9 10 | 10.2

Action                     |  1- 3 |  4- 6 |  7- 9 | 10-12 || total
---------------------------+-------+-------+-------+-------++-------
  Melee: Dagger            |       |    15 |       |       ||    15
         Dire flail        |       |       |    84 |       ||    84
         Bite              |       |       |    12 |    16 ||    28
         Spear             |       |       |    37 |   116 ||   153
         Punch             |       |       |     4 |     4 ||     8
   Fire: Shortbow          |   102 |    80 |   379 |    24 ||   585
  Evoke: Wand              |       |       |     3 |     2 ||     5
    Use: Scroll            |       |       |     9 |     2 ||    11
         Potion            |       |       |     3 |     2 ||     5
   Stab: Sleeping          |       |       |     1 |       ||     1
         Distracted        |       |       |     1 |       ||     1
 Armour: Leather armour    |    10 |       |       |       ||    10
         Ring mail         |       |     4 |    54 |    23 ||    81
         Skin              |       |       |    12 |   105 ||   117
  Dodge: Dodged            |    24 |    28 |   282 |   164 ||   498
